 Dungeon Crawl Stone Soup version 0.29-a0-321-gf1c400731a (webtiles) character file.

Game seed: 13093095164465181470

560 gimp the Basher (level 7, -7/62 HPs)
             Began as a Mayflytaur Berserker on Apr 2, 2022.
             Was a Believer of Trog.
             Mangled by Pikel
             ... wielding a +1 whip of electrocution
              (11 damage)
             ... on level 4 of the Dungeon on Apr 3, 2022.
             The game lasted 00:05:38 (1221 turns).

gimp the Basher (Mayflytaur Berserker)              Turns: 1221, Time: 00:05:39

Health: -7/62      AC: 10    Str: 21    XL:     7   Next: 31%
Magic:  8/8        EV:  6    Int:  6    God:    Trog [**....]
Gold:   104        SH:  0    Dex: 14    Spells: 6/6 levels left

rFire   . . .      SeeInvis .   a - +2 flail (holy)
rCold   . . .      Faith    .   (no shield)
rNeg    . . .      Spirit   .   q - +0 plate armour
rPois   .          Reflect  .   (no helmet)
rElec   .          Harm     .   (no cloak)
rCorr   .          Rampage  .   (no gloves)
Will    ++...                   (no boots)
Stlth   ..........              (no amulet)
HPRegen 1.20/turn               (no ring)
MPRegen 0.22/turn               (no ring)

@: brilliant, strong-willed, on berserk cooldown, flying, regenerating, slowed,
invisible, very slow
A: damage resistance, big wings, sense surroundings 1, magic regeneration, short
lifespan, dopey 1, noise suppression
a: Renounce Religion, Berserk, Trog's Hand


You were on level 4 of the Dungeon.
You worshipped Trog.
Trog was pleased with you.
You visited 1 branch of the dungeon, and saw 4 of its levels.
You also visited: Sewer.

You collected 104 gold pieces.

Inventory:

Hand Weapons
 a - a +2 flail of holy wrath (weapon)
 f - a +0 mace
Armour
 e - a +0 scale mail
 q - a +0 plate armour (worn)
Wands
 g - a wand of charming (7)
Scrolls
 c - 2 scrolls of fog {unknown}
 d - 2 scrolls of identify
 o - a scroll of holy word
Potions
 b - a potion of lignification {unknown}
 h - a potion of flight {unknown}
 i - a potion of heal wounds {unknown}
 j - a potion of ambrosia
 k - a potion of brilliance
 l - a potion of curing {unknown}
 m - a potion of degeneration {unknown}
 n - 2 potions of invisibility


   Skills:
 - Level 3.2 Fighting
 * Level 10.7 Maces & Flails
 - Level 2.1 Armour
 - Level 2.1 Dodging


You had 6 spell levels left.
You didn't know any spells.
Your spell library was empty.

Dungeon Overview and Level Annotations

Branches:
Dungeon (4/15)              Sewer (visited)
 Temple: D:4-7

Altars:
Kikubaaqudgha

Annotations:
D:4 Natasha, Pikel


Innate Abilities, Weirdness & Mutations

You are resistant to damage.
Your large and strong wings let you fly.
You passively map a small area around you.
You regenerate magic rapidly.
You are easily found by Zot.
You are dopey. (Int -2)
You passively dampen the noise of your surroundings.


Message History

The lemure hits you.
* * * LOW HITPOINT WARNING * * *
The goblin hits you but does no damage. Pikel hits you but does no damage.
You take 10 damage, and have 3/62 hp.
You hit Pikel.
Pikel is moderately wounded.
You feel less invigorated.
You feel less confused. Natasha casts a spell at you.
You resist with almost no effort. Pikel barely misses you.
The goblin hits you but does no damage. The lemure hits you but does no damage.
You regained 7 hp, and now have 10/62 hp.
It was a potion of invisibility.
You fade into invisibility!
Natasha claws you but does no damage. The goblin completely misses you.
Pikel completely misses you. The lemure hits you.
* * * LOW HITPOINT WARNING * * *
Natasha casts a spell.
You take 2 damage, and have 8/62 hp.
It was a potion of brilliance.
You feel clever all of a sudden.
The crimson imp shouts!
The lemure hits you.
* * * LOW HITPOINT WARNING * * *
Pikel hits you but does no damage. The goblin hits you with a +0 dagger.
* * * LOW HITPOINT WARNING * * *
Natasha barely misses you.
Pikel hits you with a +1 whip of electrocution.
* * * LOW HITPOINT WARNING * * *
The lemure closely misses you. The goblin barely misses you.
You take 6 damage, and have 2/62 hp.
Okay, then.
It was a potion of mutation.
You feel extremely strange.
You feel robust.
You feel stupid.
You feel frail.
You feel your surroundings grow quieter.
The crimson imp shouts!
Natasha claws you but does no damage.
Pikel hits you with a +1 whip of electrocution.
You are electrocuted!
You die...

#... .. #..# #.. #..###..##
##..#.....#.. ,
#............, ,
##S5......... ,
##S55....#..# #..
#5K#........##...
**#@g##l.##........
,#h.###5S5......... *
,..5.. ##..#.......#
,........ #..##......#
#..>.^....####..........
###...##.....####.........
#......##..#..............#
#..........................
#..........................


You could see Pikel (can't see you), 4 lemures, Natasha, a crimson imp
(summoned, wandering, can't see you), a goblin (can't see you) and 2 ball
pythons.

Vanquished Creatures
  Grinder (Sewer)
  A kobold brigand (Sewer)
  A necrophage (Sewer)
  A wight (Sewer)
  A hound (D:4)
  Natasha (D:4)
  2 orc wizards
  An adder (D:3)
  A shadow imp (Sewer)
  4 ufetubi (Sewer)
  An adder zombie (Sewer)
  2 worms (D:3)
  2 orcs (D:3)
  3 endoplasms
  2 giant cockroaches
  9 goblins
  4 hobgoblins
  A jackal (D:3)
  14 kobolds
  2 quokkas
  2 ball pythons (Sewer)
  3 bats
  2 frilled lizards
  A giant cockroach zombie (Sewer)
  A kobold zombie (Sewer)
  2 rats
65 creatures vanquished.

Notes
Turn   | Place    | Note
-------+----------+-------------------------------------------
     0 | D:1      | gimp the Mayflytaur Berserker began the quest for the Orb.
     0 | D:1      | Reached XP level 1. HP: 21/21 MP: 2/2
     0 | D:1      | Upgraded the game from 0.29-a0-319-gad05b8d819 to
                  | 0.29-a0-321-gf1c400731a
   138 | D:2      | Reached XP level 2. HP: 25/28 MP: 3/3
   229 | D:2      | Reached skill level 5 in Maces & Flails
   229 | D:2      | Reached XP level 3. HP: 15/34 MP: 4/4
   400 | D:3      | Reached skill level 6 in Maces & Flails
   434 | D:3      | Reached XP level 4. HP: 42/42 MP: 5/5
   508 | D:3      | Reached ** piety under Trog
   584 | D:3      | Found an ancient bone altar of Kikubaaqudgha.
   753 | D:3      | Found a glowing drain.
   762 | Sewer    | Entered a sewer
   788 | Sewer    | Reached skill level 7 in Maces & Flails
   832 | Sewer    | Reached XP level 5. HP: 47/49 MP: 6/6
   842 | Sewer    | Found an ancient bone altar of Kikubaaqudgha.
   862 | Sewer    | Glimpsed the power of Zot.
   867 | Sewer    | Reached skill level 8 in Maces & Flails
   869 | Sewer    | Gained mutation: You regenerate magic rapidly. [Mayflytaur
                  | growth]
   869 | Sewer    | Reached XP level 6. HP: 56/56 MP: 7/7
   884 | Sewer    | Noticed Grinder
   906 | Sewer    | Killed Grinder
   907 | Sewer    | Reached skill level 10 in Maces & Flails
   952 | Sewer    | Reached XP level 7. HP: 31/62 MP: 8/8
  1132 | D:3      | Glimpsed the power of Zot.
  1177 | D:4      | Noticed Natasha
  1187 | D:4      | Killed Natasha
  1202 | D:4      | Noticed Natasha
  1203 | D:4      | Noticed Pikel
  1217 | D:4      | HP: 3/62 [lemure[Pikel] (4)]
  1221 | D:4      | Gained mutation: You are robust. (+10% HP) [potion of
                  | mutation]
  1221 | D:4      | Gained mutation: You are dopey. (Int -2) [potion of
                  | mutation]
  1221 | D:4      | Lost mutation: You are robust. (+10% HP) [potion of
                  | mutation]
  1221 | D:4      | Gained mutation: You passively dampen the noise of your
                  | surroundings. [potion of mutation]
  1221 | D:4      | Mangled by Pikel

Illustrated notes

Levels and vault maps discovered:
D:1:      dpeg_arrival_solitude, layout_basic
D:2:      layout_basic, shapermc_ecumenical_altar_totnotflames,
          grunt_decor_arrowhead, uniq_robin
D:3:      kennysheep_the_goblin_king, layout_loops_cross,
          mainiacjoe_overflow_six_doors_small, cheibrodos_sewer_entry_bend,
          minmay_cupped
D:4:      layout_cave_pools, kennysheep_doodads, uniq_ijyb, uniq_natasha,
          uniq_pikel

Skill      XL: |  1  2  3  4  5  6 |
---------------+-------------------+-----
Maces & Flails | 5 6 7 8 10 | 10.7
Fighting       | |  3.2
Armour         | |  2.1
Dodging        | |  2.1

Action                   |  1- 3 |  4- 6 |  7- 9 || total
-------------------------+-------+-------+-------++-------
Melee: Mace              |    46 |       |       ||    46
       Flail             |     4 |   115 |    19 ||   138
Invok: Berserk           |     2 |     1 |     1 ||     4
       Trog's Hand       |       |     1 |     1 ||     2
  Use: Potion            |       |       |     4 ||     4
       Scroll            |       |       |     1 ||     1
Armor: Scale mail        |    26 |    56 |       ||    82
       Animal skin       |     2 |       |       ||     2
       Plate armour      |       |       |    36 ||    36
Dodge: Dodged            |    17 |    79 |    24 ||   120

Table legend: (Time is in decaauts)
 A = Elapsed time spent in this place.
 B = Non-inter-level travel time spent in this place.
 C = Inter-level travel time spent in this place.
 D = Time resting spent in this place.
 E = Time spent auto-exploring this place.
 F = Levels seen in this place.
 G = Mean time per level.
                   A        B        C        D        E       F      G
               +--------+--------+--------+--------+--------+-----+--------+
         Total |   1261 |   1142 |    119 |    209 |     14 |   5 |  252.2 |
       Dungeon |    900 |    781 |    119 |    162 |     14 |   4 |  225.0 |
         Sewer |    361 |    361 |      0 |     47 |      0 |   1 |  361.0 |
               +--------+--------+--------+--------+--------+-----+--------+

Top non-repeatable levels by time:
     D:3: 463 daAuts
   Sewer: 361 daAuts
     D:2: 293 daAuts
     D:1: 86 daAuts
     D:4: 57 daAuts
